 Dungeon Crawl Stone Soup version 0.31-a0-844-gdc52ec4e09 (webtiles) character file.

Game seed: 13469280249039928478

7 pop123321pop the Ducker (level 1, 0/6 HPs)
             Began as a Felid Berserker on Sept 30, 2023.
             Was an Initiate of Trog.
             Slain by a kobold
             ... wielding a +0 whip
              (3 damage)
             ... on level 1 of the Dungeon.
             The game lasted 00:02:40 (13072 turns).

pop123321pop the Ducker (Felid Berserker)          Turns: 13072, Time: 00:02:40

Health: 0/6        AC:  1    Str: 13    XL:     1   Next: 91%
Magic:  2/2        EV: 18    Int:  8    God:    Trog [......]
Gold:   40         SH:  0    Dex: 15    Spells: 0/0 levels left
                                        Lives:  0   Deaths: 1

rFire   . .          .
                       - Unarmed
rCold   . . .        (shield unavailable)
rNeg    . . .        (body armour unavailable)
rPois   .            (helmet unavailable)
rElec   .            (cloak unavailable)
rCorr   .            (gloves unavailable)
SInv    +            (boots unavailable)
Will    .....        (no amulet)
Stlth   +            (no ring)
HPRegen 0.21/turn    (no ring)
MPRegen 0.08/turn

%: no passive effects
@: bezotted, quick
A: very small, claws 1, fangs 3, see invisible, speed 1, shaggy fur 1, stealthy
paws, no weapons or thrown items, no armour, multi-lived
a: Renounce Religion


You were on level 1 of the Dungeon.
You worshipped Trog.
Trog was noncommittal.
You visited 1 branch of the dungeon, and saw 1 of its levels.

You collected 40 gold pieces.

Inventory:

Jewellery
 a - a ring of willpower
Potions
 b - a potion of haste {unknown}
 c - a potion of curing


   Skills:
 - Level 3.0 Fighting
 - Level 4.0 Dodging
 + Level 3.5 Unarmed Combat


You couldn't memorise any spells.
You didn't know any spells.
Your spell library was empty.

Dungeon Overview and Level Annotations

Branches:
Dungeon (1/15) Zot: 962

Altars:


Innate Abilities, Weirdness & Mutations

You have sharp claws.
You have razor-sharp teeth.
You have supernaturally acute eyesight. (SInv)
You cover ground quickly. (Speed+)
You are covered in fur. (AC +1)
Your paws help you pounce on unaware monsters.
You are incapable of wielding weapons or throwing items.
You cannot wear armour.
You gain extra lives every three experience levels.


Message History

Done waiting.
You start waiting.
Done waiting.
You start waiting.
Done waiting.
You start waiting.
Done waiting.
Zot has nearly found you.
Suffering is imminent.
Descend or flee this branch!
You start waiting.
Done waiting.
Zot's power touches on you...
Buggy note passed: unknown note type Unknown command.
As you read the scroll labelled HOMARE IWOXKEUCOME, it crumbles to dust.
It is a scroll of enchant armour.
You aren't carrying any armour which can be enchanted further.
You have lingered too long.
Zot senses you.
Dive deeper or flee this branch before you suffer!
As you read the scroll labelled DOJUCU CEAT, it crumbles to dust.
It is a scroll of identify.
c - a potion of curing You have no ailments to cure.
You now have 40 gold pieces (gained 16).
a - a ring of willpower
b - a metallic puce potion A kobold comes into view.
It is wielding a +0 whip.
Found 3 stones.
A kobold is nearby!
The kobold shouts!
A rat comes into view.
The kobold barely misses you. The kobold misses you.
The kobold hits you with a +0 whip.
Ouch! That really hurt!
The kobold barely misses you. The kobold closely misses you.
The kobold hits you but does no damage. The kobold misses you.
The rat closely misses you. The kobold hits you with a +0 whip.
Ouch! That really hurt!
You die...

#.#####
#......# #.#
####...# #.#
#...# # #.#
#...#####..#
#.#
#.#........#
#.#
#.###.##.#.#
#.# #.# #.#
#.# #.. #.#
#.# ### #@#
#.#
#rK......
#.####
#....#+##
.....#
#....(.
.....#
###..###
.....# ...
.....# #.##
.....# .#
.....#


You could see a kobold and a rat.

Vanquished Creatures
  2 giant cockroaches (D:1)
  A hobgoblin (D:1)
  A ball python (D:1)
  2 bats (D:1)
  A frilled lizard (D:1)
  A rat (D:1)
8 creatures vanquished.

Notes
Turn   | Place    | Note
-------+----------+-------------------------------------------
     0 | D:1      | pop123321pop the Felid Berserker began the quest for the
                  | Orb.
     0 | D:1      | Reached XP level 1. HP: 10/10 MP: 2/2
    61 | D:1      | Slain by a quokka
 11027 | D:1      | Glimpsed the power of Zot.
 11527 | D:1      | Glimpsed the power of Zot.
 11927 | D:1      | Glimpsed the power of Zot.
 12027 | D:1      | Touched by the power of Zot (MHP 10 -> 6)
 12028 | D:1      | Glimpsed the power of Zot.
 12529 | D:1      | Glimpsed the power of Zot.
 12929 | D:1      | Glimpsed the power of Zot.
 13029 | D:1      | Touched by the power of Zot (MHP 8 -> 4)
 13030 | D:1      | Glimpsed the power of Zot.
 13072 | D:1      | Slain by a kobold

Illustrated notes

Levels and vault maps discovered:
D:1:      matt_arrival_spirals, layout_basic, minmay_close_crescents

Action                     || total
---------------------------++-------
  Melee: Unarmed           ||    26
         Bite              ||     1
    Use: Scroll            ||     2
   Stab: Sleeping          ||     2
 Armour: Skin              ||   179
  Dodge: Dodged            ||   603

Table legend: (Time is in decaauts) A = Elapsed time spent in this place. B = Non-inter-level travel time spent in this place. C = Inter-level travel time spent in this place. D = Time resting spent in this place. E = Time spent auto-exploring this place. F = Levels seen in this place. G = Mean time per level. A B C D E F G +--------+--------+--------+--------+--------+-----+--------+ Total | 13038 | 13038 | 0 | 11797 | 103 | 1 | 13038.0 | Dungeon | 13038 | 13038 | 0 | 11797 | 103 | 1 | 13038.0 | +--------+--------+--------+--------+--------+-----+--------+

Top non-repeatable levels by time:
     D:1: 13038 daAuts
